 Dungeon Crawl Stone Soup version 0.17-a0-1945-gfe993df (webtiles) character file.

768 derrpe the Stinger (level 7, 0/55 HPs)
             Began as a Naga Wizard on Oct 1, 2015.
             Was a Follower of Vehumet.
             Slain by a centaur (8 damage)
             ... on level 5 of the Dungeon.
             The game lasted 00:10:34 (6568 turns).

derrpe the Stinger (Naga Wizard)                    Turns: 6568, Time: 00:10:35

Health: 0/55       AC:  3    Str: 10    XL:     7   Next: 82%
Magic:  8/11       EV:  9    Int: 24    God:    Vehumet [*.....]
Gold:   28         SH:  0    Dex:  9    Spells: 5 memorised, 1 level left

rFire  . . .     SeeInvis +     E - +7 long sword of Ypaurio {slice, -Tele rPois Int+4}
rCold  + . .     Clarity  .     a - +0 robe
rNeg   . . .     SustAt   .     (no shield)
rPois  +         Gourm    .     b - +0 hat
rElec  .         Spirit   .     (no cloak)
rCorr  .         Warding  .     (no gloves)
rMut   .         NoTele   +     (no barding)
MR     +....                    (no amulet)
Stlth  ++........               B - ring of protection from cold
                                u - ring of protection from magic

@: very slow, somewhat resistant to hostile enchantments, unstealthy
A: see invisible, deformed body, poison resistance, slowness 2, slow metabolism
1, spit poison 2, AC +2
a: Spit Poison, Renounce Religion


You were on level 5 of the Dungeon.
You worshipped Vehumet.
Vehumet was aware of your devotion.
You were hungry.

You visited 1 branch of the dungeon, and saw 5 of its levels.

You collected 262 gold pieces.
You spent 234 gold pieces at shops.

Inventory:

Hand weapons
 h - a +0 blowgun
 r - a +2 short sword of venom
 E - the +7 long sword of Ypaurio (weapon) {slice, -Tele rPois Int+4}
   (You bought it in a shop on level 5 of the Dungeon)

   It inflicts extra damage upon your enemies.
   It affects your intelligence (+4).
   It protects you from poison.
   It prevents most forms of teleportation.
Missiles
 s - 36 poisoned needles
Armour
 a - a +0 robe (worn)
 b - a +0 hat (worn)
Jewellery
 u - a ring of protection from magic (left hand)
 B - a ring of protection from cold (right hand)
Magical devices
 p - a wand of slowing (26)
 t - a wand of magic darts (20)
 w - a wand of slowing (22)
Scrolls
 e - 3 scrolls of fear {unknown}
 j - 4 scrolls of identify
 k - 4 scrolls of enchant armour {unknown}
 n - a scroll of teleportation {unknown}
 o - a scroll of magic mapping {unknown}
 q - 2 scrolls of enchant weapon {unknown}
 v - 2 scrolls of remove curse {unknown}
 y - a scroll of fog {unknown}
 C - a scroll of recharging {unknown}
 D - a scroll of immolation {unknown}
Potions
 f - 2 potions of curing
 g - 2 potions of magic {unknown}
 l - a potion of brilliance {unknown}
 m - 2 potions of invisibility {unknown}
 x - a potion of heal wounds {unknown}
 z - a potion of poison {unknown}
 A - a potion of lignification {unknown}
Books
 c - a book of Minor Magic

   Spells                             Type                      Level
   a - Magic Dart                     Conjuration                  1
   b - Blink                          Translocation                2
   c - Call Imp                       Summoning                    2
   d - Repel Missiles                 Charms/Air                   2
   e - Slow                           Hexes                        2
   f - Conjure Flame                  Conjuration/Fire             3
   g - Mephitic Cloud                 Conjuration/Poison/Air       3
Comestibles
 d - 2 bread rations {@e1}
 i - a meat ration {@e2}
 F - 3 fruits
 G - a slice of pizza
 H - 2 chunks of flesh {@w0}


   Skills:
 - Level 1.5 Dodging
 - Level 3.0 Stealth
 - Level 3.0 Spellcasting
 + Level 5.4 Conjurations
   Level 1.0 Summonings
 - Level 1.0 Translocations
 + Level 4.2 Air Magic
 + Level 5.6 Poison Magic


You had one spell level left.
You knew the following spells:

 Your Spells              Type           Power        Failure   Level  Hunger
a - Magic Dart            Conj           ####         1%          1    None
b - Blink                 Tloc           N/A          12%         2    ##.....
c - Repel Missiles        Chrm/Air       ##....       10%         2    ##.....
d - Mephitic Cloud        Conj/Pois/Air  ####....     4%          3    ###....
e - Conjure Flame         Conj/Fire      ###.....     14%         3    ###....


Dungeon Overview and Level Annotations

Branches:
Dungeon (5/15)
 Temple: D:4-7

Altars:
Cheibriados
Okawaru
Ru
Vehumet

Shops:
D:5 ?:(


Innate Abilities, Weirdness & Mutations

You cannot wear boots.
Your serpentine skin is tough (AC +2).
You have supernaturally acute eyesight.
Armour fits poorly on your strangely shaped body.
Your system is resistant to poisons.
You cover ground very slowly.
You have a slow metabolism.
You can spit poison.


Message History

The centaur is engulfed in noxious fumes.
The centaur appears confused.
The centaur unwields an uncursed shortbow.
The centaur barely misses you.
You hit the centaur.
The centaur is moderately wounded.
The centaur is engulfed in noxious fumes.
The centaur gestures wildly.
The centaur hits you!
* * * LOW HITPOINT WARNING * * *
The centaur is engulfed in noxious fumes.
The centaur appears confused.
The centaur hits you.
* * * LOW HITPOINT WARNING * * *
You hit the centaur.
The centaur is severely wounded.
The centaur is engulfed in noxious fumes.
The centaur appears confused.
The centaur is engulfed in noxious fumes.
The centaur hits you!
You die...

########## .......[.##
##........# #.
§##...PPP.###########.....
≈#.....∩P..(..((@c..+>...
≈#....PPP.###########...
≈#......)...........#..
≈#......##..........#.# ####
##.....###......(...#.####....
.......#
#.....................#
.......#
#...............#.##.#
.......#
#............≈..#...[#
.......# #...........≈⌠≈....#


You could see a centaur (confused).

Vanquished Creatures
  3 ogres
  A giant frog skeleton (D:4)
  2 orc priests (D:4)
  A jelly (D:5)
  Terence (D:2)
  3 worker ants
  A hound zombie (D:5)
  A hound skeleton (D:4)
  A worker ant zombie (D:5)
  7 gnolls
  9 adders
  A shadow imp (D:5)
  An ooze (D:2)
  2 adder zombies
  An adder skeleton (D:5)
  A worm (D:2)
  4 giant geckos
  10 orcs
  A ball python (D:2)
  9 bats
  12 hobgoblins
  12 kobolds
  5 quokkas
  8 giant cockroaches
  4 giant newts
  6 goblins
  A quokka skeleton (D:4)
  8 rats
116 creatures vanquished.

Notes
Turn   | Place    | Note
--------------------------------------------------------------
     0 | D:1      | derrpe the Naga Wizard began the quest for the Orb.
     0 | D:1      | Reached XP level 1. HP: 15/15 MP: 4/4
   525 | D:1      | Reached XP level 2. HP: 22/22 MP: 3/6
   746 | D:1      | Learned a level 2 spell: Blink
   749 | D:1      | Learned a level 2 spell: Repel Missiles
  1269 | D:2      | Found an iron altar of Okawaru.
  1292 | D:2      | Reached XP level 3. HP: 28/28 MP: 4/7
  1646 | D:2      | Learned a level 3 spell: Mephitic Cloud
  1925 | D:2      | Reached skill level 1 in Poison Magic
  1926 | D:2      | Reached skill level 1 in Air Magic
  1926 | D:2      | Reached XP level 4. HP: 24/36 MP: 0/8
  2438 | D:2      | Noticed Terence
  2481 | D:2      | Killed Terence
  2621 | D:2      | Reached XP level 5. HP: 42/42 MP: 2/9
  3030 | D:2      | Found a snail-covered altar of Cheibriados.
  3393 | D:3      | Found a radiant altar of Vehumet.
  3422 | D:3      | Became a worshipper of Vehumet
  4040 | D:3      | Reached skill level 4 in Conjurations
  4263 | D:4      | Noticed an ogre
  4269 | D:4      | Killed an ogre
  4269 | D:4      | Reached XP level 6. HP: 49/49 MP: 1/10
  4346 | D:4      | Learned a level 3 spell: Conjure Flame
  4765 | D:4      | Acquired Vehumet's first power
  4765 | D:4      | Offered knowledge of Flame Tongue by Vehumet.
  4809 | D:4      | Reached XP level 7. HP: 51/55 MP: 0/11
  5415 | D:4      | Found a sacrificial altar of Ru.
  5487 | D:5      | Entered Level 5 of the Dungeon
  5505 | D:5      | Found Ratanyc's Antique Weapon Shoppe.
  5517 | D:5      | Reached skill level 5 in Conjurations
  5517 | D:5      | Reached skill level 5 in Poison Magic
  5689 | D:5      | Bought a crystal long sword for 204 gold pieces
  5689 | D:5      | Identified the +7 long sword of Ypaurio {slice, -Tele rPois Int+4} (You bought it in a shop on level 5 of the Dungeon)
  5699 | D:5      | Found Waoguim's Book Shoppe.
  6130 | D:5      | Found Ufuthroo's Magic Scroll Shop.
  6133 | D:5      | Bought a scroll of identify for 30 gold pieces
  6568 | D:5      | Slain by a centaur

Vault maps used:
D:1:      minmay_arrival_jagged
D:2:      cheibriados_altar_wand_db, okawaru_trees_1, uniq_terence
D:3:      vehumet_altar_wand_db, corexii_corridor_pit
D:4:      nicolae_ru_the_path_less_chosen
D:5:      first_bread, serial_shops, nicolae_shop_overgrown_old_shop,
          nicolae_shop_overgrown_old_shop, kennysheep_little_box, shop,
          nicolae_shop_behind_doors, corexii_leaking_fountain,
          kennysheep_generic_room_2

Action                   |  1- 3 |  4- 6 |  7- 9 || total
-------------------------+-------+-------+-------++-------
Melee: Unarmed           |     7 |       |       ||     7
       Dagger            |    12 |    32 |       ||    44
       Short sword       |       |     2 |    12 ||    14
       Long sword        |       |       |     8 ||     8
 Cast: Magic Dart        |    78 |   172 |    94 ||   344
       Mephitic Cloud    |     1 |     2 |     1 ||     4
       Blink             |       |     1 |       ||     1
 Abil: Spit Poison       |     4 |     5 |     2 ||    11
 Stab: Confused          |       |     2 |       ||     2
  Eat: Chunk             |     1 |     8 |     4 ||    13
